 Dungeon Crawl Stone Soup version 0.30-a0-918-g0ff054e9dc (webtiles) character file.

Game seed: 3957816489976567265

5923 jasper the Grappler (level 10, -13/77 HPs)
             Began as a Demonspawn Wanderer on Mar 20, 2023.
             Was an Elder of Okawaru.
             Mangled by a death yak (21 damage)
             ... on level 1 of the Lair of Beasts.
             The game lasted 00:22:02 (10680 turns).

jasper the Grappler (Demonspawn Wanderer)          Turns: 10680, Time: 00:22:03

Health: -13/77     AC: 10    Str: 22    XL:     10   Next: 53%
Magic:  12/12      EV: 14    Int: 20    God:    Okawaru [****..]
Gold:   300        SH:  0    Dex: 19    Spells: 0/9 levels left

rFire   . . .      SeeInvis .      - Unarmed
rCold   . . .      Faith    .    (no shield)
rNeg    . . .      Spirit   .    H - +0 acid dragon scales
rPois   .          Reflect  .    (helmet restricted)
rElec   .          Rampage  .    v - +0 cloak
rCorr   +                        k - +0 pair of gloves
Will    .....                    (no boots)
Stlth   ++                       j - amulet of the acrobat
HPRegen 0.32/turn                e - +6 ring of dexterity
MPRegen 0.13/turn                o - +6 ring of strength

@: no status effects
A: horns 1, spiny 1, big brain 3, demonic magic 2
a: Renounce Religion, Heroism, Finesse


You were on level 1 of the Lair of Beasts.
You worshipped Okawaru.
Okawaru was greatly pleased with you.
You visited 2 branches of the dungeon, and saw 11 of its levels.
You also visited: Ossuary.

You collected 660 gold pieces.
You spent 360 gold pieces at shops.

Inventory:

Hand Weapons
 a - a +0 war axe
 A - a +1 antimagic sling
Missiles
 f - 39 stones
 L - 10 poisoned darts (quivered)
 Q - a throwing net
Armour
 c - a +1 ring mail
 k - a +0 pair of gloves (worn)
 p - the +0 chain mail of Terror {Int+2}
   (You found it on level 3 of the Dungeon)

   Int:       It affects your intelligence (+2).
 v - a +0 cloak (worn)
 H - +0 acid dragon scales (worn)
 K - a +0 scale mail
Jewellery
 e - a +6 ring of dexterity (left hand)
 j - an amulet of the acrobat (around neck)
 o - a +6 ring of strength (right hand)
 C - a +6 ring of strength
 F - a ring of flight
Wands
 h - a wand of polymorph (5)
 E - a wand of flame (27)
 G - a wand of acid (10)
 P - a wand of paralysis (7)
Scrolls
 b - 3 scrolls of fog
 q - 6 scrolls of noise
 s - 2 scrolls of poison
 t - a scroll of amnesia
 y - a scroll of fear
 z - 2 scrolls of teleportation
 I - 2 scrolls of enchant armour
 J - 2 scrolls of vulnerability
 O - a scroll of silence
Potions
 d - 2 potions of attraction
 g - a potion of flight
 i - a potion of ambrosia
 l - 2 potions of haste
 m - 4 potions of curing
 n - a potion of magic
 r - a potion of resistance
 u - 3 potions of mutation
 w - 7 potions of brilliance
 x - 2 potions of berserk rage
 B - a potion of heal wounds
 M - 3 potions of might
 N - 2 potions of lignification


   Skills:
 + Level 6.7 Fighting
 - Level 4.0 Axes
 - Level 3.0 Throwing
 - Level 5.6 Armour
 - Level 5.4 Dodging
 - Level 1.0 Stealth
 - Level 10.0 Unarmed Combat
 - Level 3.0 Invocations


You couldn't memorise any spells.
You knew the following spells:

 Your Spells              Type           Power      Damage    Failure   Level
a - Blade Hands           Tmut           0%         N/A       92%         5
b - Passwall              Tmut/Erth      0%         N/A       14%         2
c - Blink                 Tloc           0%         N/A       14%         2

Your spell library contained the following spells:

 Spells                   Type           Power      Damage    Failure   Level
 Apportation              Tloc           0%         N/A       10%         1
 Sandblast                Erth           0%         2d4       10%         1
 Cigotuvi's Dreadful Rot  Necr/Pois/Air  0%         N/A       14%         2
 Ensorcelled Hibernation  Hex/Ice        0%         N/A       14%         2
 Poisonous Vapours        Pois/Air       0%         N/A       14%         2
 Mephitic Cloud           Conj/Pois/Air  0%         N/A       26%         3
 Portal Projectile        Hex/Tloc       0%         N/A       26%         3
 Spider Form              Tmut/Pois      0%         N/A       26%         3
 Stone Arrow              Conj/Erth      0%         3d7       26%         3
 Anguish                  Hex/Necr       0%         N/A       65%         4
 Dispel Undead            Necr           0%         3d6       65%         4
 Passage of Golubria      Tloc           0%         N/A       65%         4
 Yara's Violent Unravell  Hex/Tmut       0%         3d3       92%         5
 Dispersal                Tloc           0%         N/A       100%        6
 Tukima's Dance           Hex            Unusable   N/A       N/A         3
 Death Channel            Necr           Unusable   N/A       N/A         6

Dungeon Overview and Level Annotations

Branches:
Dungeon (9/15)             Temple (0/1) D:7            Lair (2/5) D:8
Ossuary (visited)
  Swamp: Lair:2-3    Shoals: Lair:2-3     Snake: Lair:2-3    Spider: Lair:2-3
    Orc: D:9-12

Altars:
Ashenzari
Okawaru

Shops:
D:9 :

Annotations:
D:6 3 runed translucent doors, Nabski's ghost, novice TeFE


Innate Abilities, Weirdness & Mutations

You have a pair of small horns on your head.
You are partially covered in sharp spines.
You have an absolutely massive brain. (Int +6, Wiz)
Spells you cast may paralyse nearby enemies.


Message History

A death yak comes into view.
The death yak bellows!
A death yak comes into view.
A death yak comes into view.
The death yak bellows!
The death yak moves out of view.
A death yak comes into view.
A death yak comes into view.
Found a potion of ambrosia.
The death yak misses you.
The death yak bellows! x2
You hit the death yak but do no damage. The death yak gores you!
You take 14 damage, and have 63/77 hp.
You punch the death yak!
The death yak is lightly wounded.
The death yak closely misses you.
You hit the death yak. You headbutt the death yak.
The death yak is moderately wounded.
The death yak is struck by your spines. The death yak gores you.
You take 1 damage, and have 62/77 hp.
You completely miss the death yak.
The death yak is moderately wounded.
You barely miss the death yak.
The death yak is moderately wounded.
The death yak is struck by your spines. The death yak barely misses you.
You hit the death yak but do no damage.
You punch the death yak, but do no damage.
The death yak gores you but does no damage.
The death yak gores you! x2
You take 32 damage, and have 31/77 hp.
MASSIVE DAMAGE!!
You punch the death yak!
You headbutt the death yak, but do no damage.
The death yak is lightly wounded.
The death yak is struck by your spines. The death yak closely misses you.
The death yak gores you!
* * * LOW HITPOINT WARNING * * *
The death yak gores you!
* * * LOW HITPOINT WARNING * * *
The death yak gores you!!
You die...

#........
#!.......
#........
#........
#........
#Y.......
#YY......
#@Y........(.!#. P
#.Y............# #
#.)...........####
#...............#P
#.................
#.................
#.................
#.................
#.................


You could see 5 death yaks.

Vanquished Creatures
  Maggie (D:8)
  2 komodo dragons (D:8)
  A hornet (D:8)
  3 yaks (D:9)
  A wyvern (D:8)
  A steam dragon (D:8)
  4 water moccasins
  A swamp drake (D:8)
  An orc warrior (D:8)
  3 ice beasts
  An ogre (D:4)
  6 centaurs
  3 phantoms (D:5)
  4 bullfrogs
  2 kobold brigands
  Blork the orc (D:5)
  3 gnoll sergeants
  2 scorpions
  4 water moccasin zombies (Ossuary)
  7 wights
  2 killer bees
  2 hounds (D:5)
  Crazy Yiuf (D:3)
  2 jellies
  8 orc priests
  2 gnoll boudas
  Ijyb (D:3)
  5 orc wizards
  A sleepcap (D:5)
  4 iguanas
  2 mummies (Ossuary)
  22 gnolls
  17 adders
  2 shadow imps (D:5)
  A white imp (D:7)
  2 ufetubi (D:6)
  2 adder zombies (Ossuary)
  A worm (D:3)
  2 dart slugs
  29 orcs
  8 endoplasms
  6 giant cockroaches
  4 gnoll zombies (Ossuary)
  9 goblins
  6 hobgoblins
  3 quokkas
  7 ball pythons
  6 bats
  3 frilled lizards
  5 hobgoblin zombies (Ossuary)
  13 kobolds
  3 kobold zombies (Ossuary)
  7 orc zombies (Ossuary)
  5 rats
244 creatures vanquished.

Vanquished Creatures (others)
  2 fungi (D:6)
  3 plants
5 creatures vanquished.

Grand Total: 249 creatures vanquished

Notes
Turn   | Place    | Note
-------+----------+-------------------------------------------
     0 | D:1      | jasper the Demonspawn Wanderer began the quest for the Orb.
     0 | D:1      | jasper set off with the following items: a +0 war axe, a
                  | scroll of fog, a +0 ring mail, a potion of attraction.
     0 | D:1      | Reached XP level 1. HP: 15/15 MP: 1/1
   258 | D:1      | Gained mutation: Spells you cast may paralyse adjacent
                  | enemies. [demonic ancestry]
   258 | D:1      | Reached XP level 2. HP: 21/21 MP: 2/2
   686 | D:1      | Gained mutation: You have a pair of small horns on your
                  | head. [demonic ancestry]
   686 | D:1      | Reached XP level 3. HP: 23/27 MP: 3/3
  1256 | D:2      | Found a faded altar of an unknown god.
  1264 | D:2      | Prayed at the altar of an unknown god.
  1264 | D:2      | Became a worshipper of Warmaster Okawaru
  1264 | D:2      | Reached * piety under Okawaru
  1758 | D:3      | Noticed Ijyb
  1770 | D:3      | Killed Ijyb
  1771 | D:3      | Reached skill level 1 in Invocations
  1771 | D:3      | Gained mutation: You are partially covered in sharp spines.
                  | [demonic ancestry]
  1771 | D:3      | Reached XP level 4. HP: 33/33 MP: 3/5
  1877 | D:3      | Reached skill level 1 in Throwing
  2067 | D:3      | Reached XP level 5. HP: 33/38 MP: 6/6
  2142 | D:3      | Identified the +0 chain mail of Terror {Int+2}
  2370 | D:3      | Found a runed translucent door.
  2371 | D:3      | Noticed Crazy Yiuf
  2484 | D:3      | Paralysed by Crazy Yiuf for 5 turns
  2487 | D:3      | Killed Crazy Yiuf
  2489 | D:3      | HP: 1/38 [poisoned by Crazy Yiuf]
  2850 | D:4      | Reached skill level 2 in Unarmed Combat
  2970 | D:4      | Gained mutation: Spells you cast may paralyse nearby
                  | enemies. [demonic ancestry]
  2970 | D:4      | Reached XP level 6. HP: 44/44 MP: 8/8
  2979 | D:4      | Found a sand-covered staircase.
  3025 | Ossuary  | Entered an ossuary
  3049 | Ossuary  | Reached ** piety under Okawaru
  3129 | Ossuary  | Reached skill level 3 in Unarmed Combat
  3129 | Ossuary  | Reached XP level 7. HP: 33/51 MP: 7/9
  3974 | D:5      | Entered Level 5 of the Dungeon
  4077 | D:5      | Reached skill level 4 in Unarmed Combat
  4265 | D:5      | Gained mutation: You have an unusually large brain. (Int
                  | +2) [demonic ancestry]
  4265 | D:5      | Reached XP level 8. HP: 60/60 MP: 10/10
  4355 | D:5      | Learned a level 5 spell: Blade Hands
  4386 | D:5      | Noticed Blork the orc
  4408 | D:5      | Killed Blork the orc
  4408 | D:5      | Reached *** piety under Okawaru
  4409 | D:5      | Reached skill level 5 in Unarmed Combat
  5864 | D:6      | Found a runed translucent gate.
  5864 | D:6      | Found a runed translucent gate.
  5864 | D:6      | Found a runed translucent gate.
  5865 | D:6      | Noticed Nabski's ghost (novice TeFE)
  5886 | D:6      | Reached skill level 6 in Unarmed Combat
  5887 | D:6      | Identified the +6 spear of Tumult {flame, rC+}
  6044 | D:6      | Gained mutation: You have an extremely huge brain. (Int +4)
                  | [demonic ancestry]
  6044 | D:6      | Reached XP level 9. HP: 52/66 MP: 11/11
  6150 | D:6      | Reached skill level 5 in Fighting
  6375 | D:6      | Reached **** piety under Okawaru
  7244 | D:7      | Reached skill level 5 in Armour
  7332 | D:7      | Found a staircase to the Ecumenical Temple.
  7355 | D:7      | Reached skill level 7 in Unarmed Combat
  7671 | D:7      | Reached skill level 5 in Dodging
  8211 | D:8      | Noticed Maggie
  8225 | D:8      | Killed Maggie
  8686 | D:8      | Reached skill level 8 in Unarmed Combat
  8703 | D:8      | Gained mutation: You have an absolutely massive brain. (Int
                  | +6, Wiz) [demonic ancestry]
  8703 | D:8      | Reached XP level 10. HP: 10/76 MP: 9/12
  8925 | D:8      | Found a broken altar of Ashenzari.
  8940 | D:8      | Saw a vision of the Shoals and the Spider Nest.
  8940 | D:8      | Noticed a merfolk siren
  8940 | D:8      | Noticed a water nymph
  8940 | D:8      | Noticed a merfolk siren
  8940 | D:8      | Noticed a merfolk siren
  8940 | D:8      | Noticed a moth of wrath
  8940 | D:8      | Noticed a radroach
  8940 | D:8      | Noticed a demonic crawler
  8940 | D:8      | Noticed an entropy weaver
  8940 | D:8      | Noticed a steelbarb worm
  8940 | D:8      | Noticed a demonic crawler
  8940 | D:8      | Noticed a wolf spider
  8941 | D:8      | Noticed a merfolk siren
  8942 | D:8      | Noticed an emperor scorpion
  9372 | D:8      | Reached skill level 9 in Unarmed Combat
  9494 | D:8      | Learned a level 2 spell: Passwall
  9573 | D:8      | Found a staircase to the Lair.
 10039 | D:9      | Found Ket Cui's Book Emporium.
 10065 | D:9      | Bought Aziedih's Writings on Translocation for 360 gold
                  | pieces
 10068 | D:9      | Learned a level 2 spell: Blink
 10234 | D:9      | Reached skill level 10 in Unarmed Combat
 10573 | Lair:1   | Entered Level 1 of the Lair of Beasts
 10622 | Lair:1   | You fall into a shaft and drop 1 floor!
 10670 | Lair:1   | Noticed a death yak
 10670 | Lair:1   | Noticed a death yak
 10671 | Lair:1   | Noticed a death yak
 10672 | Lair:1   | Noticed a death yak
 10672 | Lair:1   | Noticed a death yak
 10680 | Lair:1   | Mangled by a death yak

Illustrated notes

Levels and vault maps discovered:
D:1:      zaba_arrival_water, layout_basic,
          nicolae_concentric_dashed_squares_mild, minmay_misc_feat_cross,
          st_stairs_9, roderic_nine_men_s_morris
D:2:      layout_loops_corners, ebering_ecumenical_altar_ruins
D:3:      layout_loops_ring, uniq_crazy_yiuf_cottage, uniq_ijyb
D:4:      layout_cave_pools, nicolae_ossuary_entry_plus, minmay_snake_closets
D:5:      layout_basic, uniq_blork_the_orc
D:6:      layout_loops_corners, gammafunk_ghost_nasty_kobolds
D:7:      layout_layer_cave, minmay_temple_entry_grid
D:8:      layout_basic, grunt_ashenzari_visionary
          [grunt_ashenzari_visionary_shoals, grunt_ashenzari_visionary_spider],
          erik_lair_dragon, nicolae_kite_square_tiling_tiny,
          hangedman_decor_growths, uniq_maggie
D:9:      layout_cave_pools, grunt_temple_overflow_cloverleaf, serial_shops,
          shop
Lair:1:   layout_cellular_growth, serial_bayou_pond_d, grunt_megastairs_1,
          lemuel_fruit_tree
Lair:2:   layout_cave_pods, nicolae_spider_entry_non_spiders

Skill      XL: |  1  2  3  4  5  6  7  8  9 10 |
---------------+-------------------------------+-----
Axes           | 4 |  4.0
Armour         | 2 3 4 5 |  5.6
Fighting       | 2 3 4 6 |  6.7
Invocations    | 1 2 3 |  3.0
Throwing       | 1 3 |  3.0
Unarmed Combat | 2 3 4 6 8 10 | 10.0
Dodging        | 2 3 4 5 |  5.4
Stealth        | |  1.0

Action                     |  1- 3 |  4- 6 |  7- 9 | 10-12 || total
---------------------------+-------+-------+-------+-------++-------
  Melee: War axe           |    78 |       |       |       ||    78
         Unarmed           |     6 |   125 |   352 |    85 ||   568
         Headbutt          |     3 |    27 |    84 |    12 ||   126
         Punch             |       |     4 |    16 |     9 ||    29
  Throw: Stone             |       |     2 |    22 |     9 ||    33
         Boomerang         |       |       |    29 |       ||    29
         Dart              |       |       |       |     9 ||     9
 Invoke: Heroism           |       |     2 |     3 |     4 ||     9
  Evoke: Wand              |       |       |     2 |     2 ||     4
    Use: Scroll            |     6 |     4 |     9 |     3 ||    22
         Potion            |     1 |     1 |       |     1 ||     3
   Stab: Sleeping          |     1 |     1 |     4 |     1 ||     7
         Confused          |       |       |       |     2 ||     2
 Armour: Ring mail         |    51 |    49 |    40 |       ||   140
         Skin              |     6 |       |       |       ||     6
         Scale mail        |       |       |    37 |       ||    37
         Acid dragon scale |       |       |     9 |    21 ||    30
  Dodge: Dodged            |    43 |    79 |   214 |    55 ||   391

Table legend: (Time is in decaauts)
 A = Elapsed time spent in this place.
 B = Non-inter-level travel time spent in this place.
 C = Inter-level travel time spent in this place.
 D = Time resting spent in this place.
 E = Time spent auto-exploring this place.
 F = Levels seen in this place.
 G = Mean time per level.
                   A        B        C        D        E       F      G
               +--------+--------+--------+--------+--------+-----+--------+
         Total |  10656 |   9732 |    924 |   1178 |   5367 |  12 |  888.0 |
       Dungeon |  10215 |   9291 |    924 |   1126 |   5227 |   9 | 1135.0 |
          Lair |    103 |    103 |      0 |      0 |     33 |   2 |   51.5 |
       Ossuary |    336 |    336 |      0 |     52 |    107 |   1 |  336.0 |
               +--------+--------+--------+--------+--------+-----+--------+

Top non-repeatable levels by time:
     D:8: 2275 daAuts
     D:5: 1719 daAuts
     D:6: 1278 daAuts
     D:3: 1027 daAuts
     D:7: 996 daAuts
     D:1: 908 daAuts
     D:4: 891 daAuts
     D:2: 877 daAuts
 Ossuary: 336 daAuts
     D:9: 240 daAuts
  Lair:1: 89 daAuts
  Lair:2: 14 daAuts
